Map: Dämmertürme

Players

Theila

  • Race: Zerg Zerg
  • League: Diamond

yjlee - Winner!

  • Race: Terran Terran
  • League: Diamond

VOD

Have the link to the VOD?

Description

Time

  • Played on: April 28, 2016, 7:10 a.m.
  • Length: 10:11
Show
View Real Time Build Order
Export as new Build Order

Theila Zerg 

Build Orders: Hatch First 

Get SALT Encoding   

  12  0:01  Drone  
  13  0:08  Drone  
  14  0:17  Overlord  
  14  0:24  Drone, Extractor  
  15  0:35  Drone  
  15  0:36  Drone  
  17  0:55  Hatchery  
  17  0:56  Drone  
  17  1:10  Spawning Pool  
  16  1:13  Drone  
  16  1:16  Drone  
  18  1:20  Drone  
  19  1:28  Overlord  
  19  1:38  Drone  
  20  1:52  Drone  
  21  1:57  Queen  
  21  2:00  Zergling x2  
  24  2:08  Queen  
  24  2:10  Drone  
  24  2:13  Overlord  
  27  2:19  Overlord  
  27  2:30  Extractor  
  27  2:34  Extractor  
  27  2:35  Drone x3  
  28  2:42  Drone, Hatchery  
  28  2:50  Drone  
  29  2:59  Drone x2  
  29  3:03  Drone  
  29  3:05  Queen  
  34  3:16  Drone x4  
  34  3:17  Drone  
  34  3:18  Metabolic Boost  
  39  3:27  Overlord  
  39  3:29  Overlord  
  39  3:33  Drone  
  40  3:38  Lair  
  40  3:50  Drone x3  
  40  3:51  Drone  
  40  3:53  Baneling Nest  
  43  3:55  Drone, Extractor  
  43  3:56  Extractor  
  43  3:57  Drone  
  43  4:05  Drone x3  
  46  4:15  Evolution Chamber  
  45  4:17  Evolution Chamber  
  45  4:19  Queen  
  45  4:21  Drone x2  
  48  4:27  Drone x3  
  48  4:28  Drone  
  48  4:31  Drone  
  53  4:33  Drone  
  54  4:40  Drone x3  
  56  4:57  Spine Crawler  
  56  4:58  Spine Crawler x2  
  53  5:02  Zerg Melee Weapons Level 1  
  53  5:03  Zerg Ground Armor Level 1  
  53  5:08  Roach Warren  
  52  5:14  Overlord  
  52  5:15  Overlord x2  
  52  5:17  Drone  
  52  5:18  Drone  
  54  5:33  Zergling x8  
  54  5:34  Zergling x6  
  61  5:38  Spore Crawler  
  54  5:48  Spore Crawler  
  51  5:51  Spore Crawler x2  
  51  5:53  Spore Crawler  
  44  6:04  Queen  
  44  6:05  Spore Crawler  
  44  6:06  Queen  
  44  6:07  Spore Crawler  
  45  6:22  Overseer  
  45  6:33  Queen  
  45  6:36  Drone x9  
  56  6:42  Queen  
  58  6:55  Roach  
  58  6:56  Roach x4  
  68  7:03  Zerg Melee Weapons Level 2, Zerg Ground Armor Level 2  
  68  7:12  Infestation Pit  
  68  7:14  Hydralisk Den  
  68  7:15  Drone x5  
  71  7:26  Glial Reconstitution  
  71  7:31  Drone x7  
  78  7:37  Overseer  
  78  7:51  Drone  
  78  7:52  Drone x6, Spore Crawler  
  84  7:58  Extractor  
  84  7:59  Roach x3  
  84  8:00  Extractor  
  84  8:04  Overlord x4  
  75  8:39  Roach x12  
  85  8:54  Roach  
  85  8:55  Roach x3  
  77  9:13  Zergling x10  
  70  9:19  Zergling x2  
  70  9:27  Zergling x2  
  70  9:28  Zergling x4  
  72  9:37  Zergling x4  
  73  9:49  Baneling  
  73  9:50  Baneling x3  
  73  9:51  Roach x2  
Show
View Real Time Build Order
Export as new Build Order

yjlee Terran - Winner!

Build Orders: Hellion Banshee, Mech 

Get SALT Encoding   

  12  0:01  SCV  
  13  0:13  SCV  
  14  0:18  Supply Depot  
  14  0:25  SCV  
  15  0:39  SCV  
  15  0:41  Barracks  
  16  0:46  Refinery  
  16  0:52  SCV  
  17  1:04  SCV  
  18  1:16  SCV  
  19  1:28  Marine  
  19  1:29  Orbital Command  
  20  1:41  Command Center  
  20  1:46  Marine  
  21  1:52  Supply Depot  
  21  1:56  SCV  
  22  2:08  Factory  
  22  2:15  Barracks Reactor, Refinery  
  22  2:24  SCV  
  23  2:36  SCV  
  24  2:48  SCV  
  25  2:54  Starport  
  25  2:56  Orbital Command  
  25  3:00  SCV  
  25  3:04  Hellion  
  25  3:05  Hellion  
  30  3:07  Barracks Tech Lab  
  30  3:13  SCV  
  31  3:23  Supply Depot  
  31  3:24  SCV  
  31  3:25  SCV  
  33  3:28  Hellion  
  33  3:29  Hellion  
  37  3:37  SCV x2  
  37  3:38  Cloaking Field, Barracks Tech Lab  
  39  3:43  Banshee, Refinery  
  42  3:49  SCV  
  42  3:50  SCV  
  44  3:57  Armory  
  44  4:00  Hellion  
  44  4:01  Hellion  
  48  4:03  SCV  
  48  4:08  SCV  
  50  4:16  Supply Depot  
  50  4:18  Supply Depot  
  50  4:21  Hellion  
  50  4:23  Hellion  
  54  4:34  Supply Depot  
  54  4:37  Refinery  
  54  4:38  Banshee, SCV  
  58  4:43  SCV  
  59  4:50  SCV  
  59  4:52  Hellion x2  
  64  5:04  Factory  
  64  5:07  Barracks Tech Lab  
  64  5:09  Command Center  
  64  5:23  SCV  
  64  5:24  Hellion  
  64  5:25  Hellion  
  67  5:40  SCV  
  67  5:41  Banshee  
  59  6:00  SCV, Siege Tank  
  59  6:01  Hellion x2  
  65  6:08  SCV  
  66  6:12  SCV  
  66  6:15  Factory  
  67  6:20  SCV  
  67  6:24  SCV  
  69  6:30  Barracks Tech Lab  
  69  6:41  Siege Tank  
  69  6:44  SCV, Hellion x2  
  69  6:45  Orbital Command  
  77  6:56  SCV  
  78  7:03  Factory  
  78  7:08  Engineering Bay, SCV, Starport Reactor  
  78  7:10  Supply Depot  
  78  7:11  Supply Depot  
  78  7:12  Supply Depot  
  78  7:13  Terran Vehicle And Ship Armor Level 1  
  78  7:15  Supply Depot  
  79  7:16  Armory  
  79  7:18  Siege Tank x2  
  79  7:20  SCV  
  86  7:23  Hellion x2  
  86  7:28  SCV  
  91  7:34  Orbital Command  
  91  7:45  Hellion x2  
  91  7:50  Siege Tank x2  
  101  7:54  Thor  
  101  7:55  Supply Depot  
  107  8:00  Supply Depot  
  107  8:19  Hellion x2  
  111  8:22  Siege Tank x2  
  111  8:38  Siege Tank  
  111  8:41  Hellion  
  110  8:50  Hellion  
  110  8:54  Siege Tank x2  
  116  8:56  SCV  
  116  9:02  Hellion  
  115  9:08  SCV  
  116  9:10  Siege Tank  
  116  9:12  Hellion  
  121  9:20  SCV  
  121  9:23  Hellion  
  124  9:26  Siege Tank x2  
  124  9:29  Refinery  
  124  9:30  Refinery, Missile Turret  
  130  9:32  SCV  
  130  9:33  Hellion  
  131  9:45  Hellion  
  141  10:03  Supply Depot  
  141  10:06  Supply Depot  
  141  10:09  Supply Depot, Command Center  
  141  10:10  Supply Depot  
Tags
 
Add a new tag
Caveats
  • Supply blocks, unpowered buildings, or Contaminate may cause inaccurate times.
  • Supply counts are checked every 10 seconds.